Map: Dreamcatcher LE

Players

Snute - Winner!

  • Race: Zerg Zerg
  • Spawn Location: 11:00

SpaceJam

  • Race: Terran Terran
  • Spawn Location: 5:00

Event: WCS Montreal 2018

VOD

Have the link to the VOD?

Description

Time

  • Played on: Sept. 7, 2018, 12:41 p.m.
  • Length: 14:07

All games in this series

Show
View Real Time Build Order
Export as new Build Order

Snute Zerg - Winner!

Build Orders: Pool First 

Get SALT Encoding   

  12  0:00  Drone  
  13  0:12  Overlord  
  13  0:17  Drone  
  14  0:30  Drone x2  
  14  0:34  Drone  
  17  0:45  Spawning Pool  
  17  0:48  Drone  
  17  1:08  Hatchery  
  17  1:11  Drone  
  17  1:14  Drone  
  17  1:18  Drone  
  19  1:21  Extractor  
  18  1:31  Queen  
  18  1:32  Zergling x2  
  21  1:40  Overlord  
  21  1:49  Drone  
  22  2:00  Drone  
  23  2:07  Queen  
  25  2:12  Drone  
  26  2:20  Queen  
  26  2:21  Drone  
  26  2:22  Metabolic Boost  
  28  2:30  Drone x2  
  28  2:32  Drone  
  31  2:42  Drone, Overlord  
  31  2:43  Drone x2  
  34  2:45  Drone  
  35  2:52  Overlord  
  35  2:56  Drone  
  36  3:03  Drone  
  37  3:06  Queen  
  37  3:07  Drone  
  40  3:15  Drone x3  
  40  3:17  Drone  
  40  3:19  Drone  
  45  3:25  Drone  
  46  3:28  Drone, Hatchery  
  46  3:30  Drone x2  
  46  3:31  Drone  
  49  3:36  Overlord  
  49  3:41  Drone  
  50  3:42  Queen  
  50  3:48  Drone  
  52  3:53  Overlord  
  52  3:54  Drone x2  
  54  3:56  Queen  
  54  3:57  Extractor  
  54  3:58  Overlord  
  54  4:00  Drone  
  54  4:01  Drone  
  57  4:03  Drone  
  57  4:04  Drone  
  59  4:10  Drone  
  59  4:11  Drone, Baneling Nest  
  59  4:15  Drone x2  
  62  4:18  Zergling x2  
  62  4:23  Zergling x2  
  62  4:24  Zergling x2, Lair  
  65  4:32  Zergling x4, Queen  
  65  4:34  Overlord  
  65  4:35  Zergling x2  
  70  4:44  Queen  
  70  4:45  Zergling x2, Overlord  
  72  4:46  Zergling x2  
  74  4:55  Zergling x2  
  74  4:56  Zergling x10  
  80  5:03  Overlord  
  80  5:05  Evolution Chamber x2  
  80  5:07  Overlord  
  78  5:08  Drone x2, Queen  
  78  5:09  Drone  
  78  5:14  Drone x4  
  85  5:15  Drone  
  85  5:17  Drone x2  
  90  5:22  Centrifical Hooks  
  90  5:24  Drone x2  
  90  5:25  Drone  
  93  5:29  Drone  
  93  5:30  Drone x2  
  93  5:33  Zerg Melee Weapons Level 1  
  96  5:36  Extractor  
  96  5:38  Zerg Ground Armor Level 1  
  95  5:53  Overlord  
  95  5:55  Drone x6  
  95  5:56  Extractor x2  
  98  5:57  Overlord  
  98  6:02  Zergling x10  
  98  6:03  Spore Crawler  
  102  6:12  Drone  
  102  6:13  Drone x5  
  104  6:18  Hatchery  
  102  6:25  Drone  
  102  6:27  Spore Crawler  
  102  6:29  Hydralisk Den  
  102  6:32  Zergling x2  
  101  6:33  Zergling x14  
  108  6:45  Zergling x6  
  111  6:49  Zergling x2  
  111  6:51  Baneling x12  
  112  6:59  Grooved Spines  
  112  7:03  Zergling x16  
  112  7:06  Infestation Pit  
  110  7:18  Drone x2  
  110  7:19  Drone x5  
  112  7:26  Drone x2  
  112  7:27  Drone x6  
  112  7:28  Zerg Melee Weapons Level 2  
  120  7:34  Zerg Ground Armor Level 2  
  117  7:39  Overlord  
  117  7:42  Drone x2  
  117  7:43  Drone x2  
  121  7:44  Hive  
  121  7:56  Zergling x2  
  121  7:57  Zergling x16  
  121  7:58  Zergling x4  
  132  7:59  Hatchery  
  132  8:03  Zergling x10  
  136  8:13  Muscular Augments  
  136  8:16  Burrow  
  133  8:31  Zergling x12  
  133  8:32  Zergling x4  
  132  8:36  Zergling x12  
  132  8:37  Zergling x2  
  132  8:41  Zergling x8  
  136  8:43  Zergling x4  
  130  8:48  Spore Crawler  
  130  8:49  Spore Crawler x2  
  130  8:51  Overlord  
  130  8:52  Hatchery  
  126  8:59  Adrenal Glands  
  126  9:01  Viper x2  
  126  9:02  Ultralisk Cavern  
  131  9:07  Overlord x2  
  131  9:15  Drone x4  
  121  9:18  Extractor  
  121  9:22  Drone x4  
  116  9:25  Drone x3  
  116  9:26  Zergling x2  
  116  9:27  Zergling x14  
  127  9:39  Hydralisk  
  127  9:40  Hydralisk x6  
  127  9:42  Zergling x12  
  147  9:49  Chitinous Plating  
  146  10:00  Zergling x26  
  146  10:05  Spore Crawler, Zergling x2  
  146  10:06  Zergling x8  
  157  10:09  Zergling x2  
  157  10:13  Hydralisk  
  159  10:19  Hydralisk x4  
  167  10:24  Zerg Ground Armor Level 3  
  165  10:35  Overlord x4  
  162  10:36  Zergling x18  
  171  10:44  Overlord x3  
  171  10:49  Overseer  
  170  10:50  Zerg Melee Weapons Level 3  
  170  10:55  Hydralisk x4  
  170  10:56  Hydralisk x2  
  182  11:00  Zergling x18  
  191  11:05  Baneling x6  
  191  11:12  Zergling x2  
  191  11:13  Zergling x12  
  191  11:18  Zergling x2  
  199  11:19  Spore Crawler  
  199  11:21  Spore Crawler  
  199  11:24  Spore Crawler  
  196  11:28  Zergling x6  
  188  11:46  Drone x2  
  188  11:47  Drone x5, Queen  
  189  12:00  Drone x7  
  171  12:15  Zergling x2  
  171  12:16  Ultralisk x4  
  191  12:43  Ultralisk  
  195  12:57  Ultralisk  
  195  12:58  Zergling x8  
  197  13:02  Baneling x24  
  197  13:03  Baneling  
  192  13:13  Zergling x16  
  199  13:33  Baneling  
  199  13:34  Baneling x10  
  173  13:49  Hatchery  
Show
View Real Time Build Order
Export as new Build Order

SpaceJam Terran 

Build Orders: Reaper Expand, MMM Bio 

Get SALT Encoding   

  12  0:01  SCV  
  13  0:13  SCV  
  14  0:17  Supply Depot  
  14  0:25  SCV  
  15  0:39  SCV  
  15  0:41  Barracks  
  16  0:44  Refinery  
  16  0:51  SCV  
  17  1:03  SCV  
  18  1:15  SCV  
  19  1:28  Reaper, Orbital Command  
  20  1:44  Command Center  
  20  1:57  Barracks  
  20  1:58  SCV  
  20  2:02  Barracks Reactor  
  20  2:10  SCV  
  20  2:15  Supply Depot  
  21  2:18  Refinery  
  21  2:22  SCV  
  22  2:34  SCV  
  22  2:35  Factory  
  23  2:41  Marine  
  23  2:42  Marine  
  25  2:47  Barracks Tech Lab  
  25  2:54  SCV  
  26  3:00  Marine x2, Orbital Command  
  27  3:08  Stimpack  
  27  3:11  SCV  
  28  3:15  Marine  
  28  3:18  Orbital Command  
  29  3:24  Starport  
  29  3:27  SCV  
  29  3:28  Factory Reactor, Marine  
  29  3:31  Marine  
  33  3:39  SCV  
  34  3:44  SCV  
  35  3:49  Marine x2  
  35  3:50  Marine  
  35  3:51  SCV  
  38  3:56  SCV  
  38  4:01  Supply Depot  
  39  4:03  Supply Depot  
  39  4:07  SCV  
  39  4:08  SCV  
  41  4:13  Medivac x2  
  41  4:14  Factory Reactor, Marine  
  46  4:22  SCV x2, Marine x2  
  50  4:28  Engineering Bay  
  50  4:30  Engineering Bay  
  50  4:33  Engineering Bay  
  50  4:35  SCV  
  50  4:37  Refinery  
  50  4:38  SCV  
  52  4:40  Marine  
  52  4:44  Supply Depot  
  53  4:46  Marine x2  
  53  4:51  SCV x2  
  57  4:57  Marine  
  57  4:59  Barracks  
  58  5:01  Terran Infantry Weapons Level 1  
  58  5:03  Terran Infantry Armor Level 1  
  58  5:11  Widow Mine x2  
  62  5:15  SCV x2  
  62  5:18  Supply Depot  
  62  5:19  Supply Depot  
  64  5:21  Combat Shields  
  64  5:23  Marine  
  64  5:24  Marine  
  66  5:29  Medivac  
  66  5:33  SCV  
  66  5:34  Marine  
  70  5:43  Marine x2  
  70  5:44  Widow Mine x2  
  70  5:45  SCV  
  75  5:52  Marine x3  
  78  5:57  Supply Depot  
  78  5:58  Supply Depot  
  78  6:00  Marine  
  79  6:19  SCV x2  
  79  6:24  Marine  
  80  6:30  Marine x4  
  80  6:31  SCV  
  80  6:32  Command Center  
  85  6:34  SCV  
  85  6:37  Armory  
  86  6:40  Refinery  
  86  6:42  Marine  
  86  6:43  SCV, Factory Tech Lab  
  86  6:46  Barracks  
  88  6:47  Concussive Shells  
  88  6:51  SCV, Barracks  
  88  6:53  Marine  
  90  6:55  SCV  
  90  6:59  Medivac x2  
  85  7:17  Marine  
  85  7:19  SCV x2  
  85  7:22  Siege Tank  
  85  7:23  Marine x3  
  85  7:27  Terran Infantry Weapons Level 2, Terran Infantry Armor Level 2  
  84  7:31  SCV  
  84  7:36  Marine x2  
  88  7:38  Barracks Tech Lab  
  88  7:39  Barracks Reactor  
  88  7:41  Factory  
  87  7:47  SCV x2, Supply Depot  
  87  7:48  Supply Depot  
  87  7:49  Supply Depot  
  89  7:52  Marine  
  89  7:53  Medivac, Marine x2  
  89  7:54  Marauder  
  89  7:57  Marine x2  
  98  7:59  SCV  
  99  8:08  Orbital Command  
  99  8:09  Medivac  
  99  8:10  Marine x2  
  99  8:11  Marine  
  103  8:25  Marauder, Marine x4  
  103  8:28  Marine  
  103  8:31  Marine x2  
  85  8:42  Marine x2  
  85  8:43  Marine  
  85  8:44  Marauder, Siege Tank  
  85  8:46  Marine x2  
  94  8:48  SCV  
  94  8:49  Marine x2  
  97  8:58  Factory Reactor  
  97  9:00  Marine x2  
  97  9:01  Marine  
  100  9:03  SCV x2  
  100  9:04  Marine  
  100  9:07  SCV  
  100  9:09  Refinery, Marine  
  105  9:10  Refinery  
  105  9:13  Supply Depot  
  105  9:15  SCV x2  
  97  9:19  SCV  
  98  9:25  Marine  
  98  9:26  Marine x4  
  98  9:27  SCV x2, Siege Tank  
  108  9:36  SCV  
  109  9:42  Barracks Tech Lab  
  109  9:43  Marine x2  
  109  9:45  Marine x5  
  110  10:01  Marauder, Marine  
  110  10:02  Marine  
  110  10:03  Marine x3  
  110  10:04  Siege Tank  
  115  10:17  Marine x2  
  115  10:18  Marine  
  115  10:20  Marauder, Widow Mine x2  
  115  10:21  Marine  
  125  10:23  Marauder, Supply Depot  
  125  10:24  Command Center, Supply Depot  
  125  10:27  Marine x2  
  129  10:35  Marine x2  
  129  10:36  Marine  
  129  10:38  Marine  
  129  10:40  Liberator  
  91  10:42  Liberator  
  132  10:45  Marine x4  
  132  10:46  Widow Mine x3  
  142  11:03  Marauder  
  150  11:04  Marine x2, Supply Depot x2  
  150  11:05  Marauder, Marine x4, Supply Depot  
  158  11:22  Marine x2  
  158  11:23  Marine x4  
  158  11:24  Marine  
  165  11:26  Marine  
  161  11:38  Liberator x2  
  148  11:40  Marine x3  
  148  11:41  Marine x2  
  148  11:42  Marauder  
  148  11:44  Marauder  
  157  11:49  Marine  
  157  11:51  Widow Mine x2  
  160  11:58  Marine x2  
  160  11:59  SCV x2  
  164  12:01  SCV  
  164  12:04  Marauder, Marine x3  
  164  12:18  Supply Depot  
  164  12:19  Marine x4, Supply Depot  
  164  12:21  Widow Mine x3  
  168  12:39  Marine x3  
  168  12:40  Marauder  
  168  13:08  Marine x2  
  168  13:09  Marauder, SCV  
  168  13:10  SCV  
  174  13:13  Starport  
  174  13:17  Planetary Fortress  
  174  13:30  Marine x2  
  174  13:31  Marauder  
Tags
 
Add a new tag
Caveats
  • Supply blocks, unpowered buildings, or Contaminate may cause inaccurate times.
  • Supply counts are checked every 10 seconds.